 Dungeon Crawl Stone Soup version 0.30-b1-2-g02819fbbbe (webtiles) character file.

Game seed: 6849485801614647487

369524 simples the Axe Maniac (level 21, -17/205 HPs)
             Began as a Minotaur Berserker on July 1, 2023.
             Was the Champion of Trog.
             Demolished by a large abomination (19 damage)
             ... while paralysed
             ... on level 3 of the Abyss.
             The game lasted 01:09:52 (40808 turns).

simples the Axe Maniac (Minotaur Berserker)        Turns: 40808, Time: 01:09:53

Health: -17/205    AC: 29    Str: 29      XL:     21   Next: 31%
Magic:  13/13      EV:  2    Int: -2 (1)  God:    Trog [******]
Gold:   2776       SH:  0    Dex: 17 (18) Spells: 20/20 levels left

rFire   + . .        V - +8 frozen axe "Frostbite" {freeze, freezing cloud, *Noise Fly rC+}
rCold   + + .        (shield currently unavailable)
rNeg    + . .        g - +18 Lear's hauberk
rPois   .            (helmet currently unavailable)
rElec   .            M - scarf {repulsion}
rCorr   .            (gloves currently unavailable)
SInv    .            (boots currently unavailable)
Will    +....        J - amulet of the Invisible Hand {Reflect Str+5 Slay-3 SH+5} Stlth
                     j - +4 ring of slaying
HPRegen 0.54/turn    u - ring of the Garden {rF+ rN+}
MPRegen 0.13/turn

%: random rage (3%), repel missiles, reflection
@: paralysed, on berserk cooldown, flying, hasted and slowed, lost intelligence,
studying 3 skills, unable to read
A: horns 2, retaliatory headbutt, agile 1, berserk 1, cold resistance 1,
deformed body, subdued magic 1, inability to drink after injury 1, [clumsy 1],
[dopey 2], low MP 1[+2], [screaming 1]
}: 3/15 runes: decaying, abyssal, gossamer
a: Renounce Religion, Berserk, Trog's Hand, Brothers in Arms


You were on level 3 of the Abyss.
You worshipped Trog.
Trog was exalted by your worship.
You visited 6 branches of the dungeon, and saw 33 of its levels.
You visited the Abyss 1 time.
You also visited: Ossuary, Gauntlet and Ice Cave.

You collected 4000 gold pieces.
You spent 1224 gold pieces at shops.

Inventory:

Hand Weapons
 I - a +7 executioner's axe of flaming
 V - the +8 frozen axe "Frostbite" (weapon) {freeze, freezing cloud, *Noise Fly rC+}
   (You acquired it on level 13 of the Dungeon)

   rC:        It protects you from cold.
   Fly:       It grants you flight.
   *Noise:    It may make noises in combat.
Armour
 g - the +18 Lear's hauberk (worn)
   (You acquired it on level 2 of the Lair of Beasts)
 m - the +3 pair of boots of Vlad {+Inv rN+}
   (You acquired it on level 6 of the Dungeon)

   rN:        It protects you from negative energy.
   +Inv:      It lets you turn invisible.
 M - a scarf of repulsion (worn)
 W - a -2 pair of gloves
 Z - the +0 hat "Coafats" {rElec MP+9 Int+4 Dex+3}
   (You found it on level 4 of the Spider Nest)

   Int:       It affects your intelligence (+4).
   Dex:       It affects your dexterity (+3).
   rElec:     It insulates you from electricity.
   MP:        It affects your magic capacity (+9).
Jewellery
 i - a ring of protection from fire
 j - a +4 ring of slaying (left hand)
 k - the ring "Qilugruch" {Wiz rElec}
   (You found it in a Gauntlet)

   [ring of wizardry]

   It improves your spell success rate.
   rElec:     It insulates you from electricity.
 t - a +4 ring of slaying
 u - the ring of the Garden (right hand) {rF+ rN+}
   (You found it in a Gauntlet)

   [ring of protection from fire]

   rF:        It protects you from fire.
   rN:        It protects you from negative energy.
 v - a +6 ring of intelligence
 w - a ring of protection from cold
 D - a ring of poison resistance
 H - a +5 ring of evasion
 J - the amulet of the Invisible Hand (around neck) {Reflect Str+5 Slay-3 SH+5}
   (You found it on level 1 of the Spider Nest)

   [amulet of reflection]

   It reflects blocked missile attacks.
   Str:       It affects your strength (+5).
   Slay:      It affects your accuracy & damage with ranged weapons and melee
   (-3).
   SH:        It affects your SH (+5).
 L - a ring of fire
 T - the amulet of Vitality {RegenMP++ Regen++}
   (You found it on level 1 of the Spider Nest)

   [amulet of magic regeneration]

   It increases your rate of magic regeneration.
   Regen:     It increases your rate of health regeneration.
Wands
 q - a wand of digging (12)
 s - a wand of polymorph (4)
Scrolls
 c - 14 scrolls of teleportation
 e - 7 scrolls of enchant armour
 o - 4 scrolls of immolation
 r - 3 scrolls of vulnerability
 y - 6 scrolls of poison
 B - 6 scrolls of blinking
 C - 3 scrolls of magic mapping
 K - 3 scrolls of brand weapon
 N - 8 scrolls of identify
 O - 2 scrolls of fog
 P - 3 scrolls of noise
 Q - 6 scrolls of fear
 S - 4 scrolls of enchant weapon
 X - a scroll of butterflies
Potions
 a - 5 potions of flight
 d - 3 potions of attraction
 f - 7 potions of ambrosia
 h - 7 potions of cancellation
 l - 6 potions of lignification
 n - 12 potions of curing
 p - 5 potions of berserk rage
 x - 8 potions of haste
 E - 5 potions of invisibility
 F - 5 potions of might
 G - 6 potions of mutation
 R - a potion of resistance
 U - a potion of magic


   Skills:
 + Level 21.5 Fighting
 O Level 27 Axes
 + Level 20.8 Armour
 + Level 19.2 Dodging


You had 20 spell levels left.
You didn't know any spells.
Your spell library was empty.

Dungeon Overview and Level Annotations

Branches:
Dungeon (15/15)            Temple (0/1) D:5            Lair (5/5) D:10
  Swamp (4/4) Lair:3       Spider (4/4) Lair:2        Slime (0/5) Lair:4
    Orc (2/2) D:11            Elf (0/3) Orc:2        Vaults (3/5) D:13
  Crypt (0/3) Vaults:2     Depths (0/4) D:15        Ossuary (visited)
  IceCv (visited)         Gauntlet (visited)

Altars:
Cheibriados
Elyvilon
Hepliaklqana
Okawaru
Qazlal
Trog
Uskayaw
Jiyva

Shops:
D:3 =   Orc:2 ([=?!   Vaults:3 =

Annotations:
D:12 3 runed translucent doors, Amon001's ghost, journeyman GnWn
Vaults:1 2 transporters, LLlMATKO's ghost, adept MiBe


Innate Abilities, Weirdness & Mutations

You have a pair of horns on your head.
You reflexively headbutt those who attack you in melee.
You are agile. (Dex +4, Str/Int -1)
You sometimes lose your temper in combat.
Your flesh is cold resistant. (rC+)
Armour fits poorly on your strangely shaped body.
Your spells are a little easier to cast, but a little less powerful.
You occasionally lose the ability to drink potions when taking damage.
[You are clumsy. (Dex -2)]
[You are very dopey. (Int -4)]
[Your magical capacity is extremely low. (-30% MP)]
[You occasionally shout uncontrollably at your foes.]


Message History

The wretched star is engulfed in freezing vapours.
An eye of devastation comes into view.
You slice the wretched star!! You freeze the wretched star.
You headbutt the wretched star!
The wretched star is severely damaged.
You slice the smoke demon!! You freeze the smoke demon!
You kill the smoke demon!
Trog accepts your kill.
You hit the sixfirhy. You freeze the sixfirhy. The sixfirhy closely misses you.
The sixfirhy misses you. The sixfirhy hits you.
* * * LOW HITPOINT WARNING * * *
The sixfirhy shocks you!
* * * LOW HITPOINT WARNING * * *
The smoke demon gestures at you. Something smites you!
* * * LOW HITPOINT WARNING * * *
You slash the wretched star! You freeze the wretched star.
You headbutt the wretched star.
The wretched star is almost destroyed.
You slice the sixfirhy!! You freeze the sixfirhy.
The sixfirhy is engulfed in freezing vapours.
You kill the sixfirhy!
Trog accepts your kill.
A flying skull comes into view.
The wretched star is engulfed in freezing vapours.
The wretched star pulses with an eldritch light!
You feel stupid.
You have lost your intelligence.
You feel stupid.
The flying skull gives a hideous shriek!
The smoke demon gestures at you. Something smites you!
* * * LOW HITPOINT WARNING * * *
The hellephant blinks!
The wretched star is engulfed in freezing vapours.
You destroy the wretched star!
Trog accepts your kill.
The eye of devastation is engulfed in freezing vapours.
The large abomination hits you!!
You die...

. ## ..# . ##
##z. .. .##.
.§.#. . #...
.§X.. .
#.#.#.....
#...3. ##
.##X3#..##
##.#.@°# . .# #
.# #.#G....# .
#.#.#....#....#
# .
#............#
..#
###...#....###
# ..
..###.##.### #
# ....#. .. #
###...# ..## .
... #....##


You could see a starcursed mass, an eye of devastation, a large abomination, a
smoke demon and a ynoxinul.

Vanquished Creatures
  Mara (Spider:4)
  Nikola (Vaults:2)
  Jorgrun (Orc:1)
  Asterion (Vaults:2)
  2 tentacled starspawn (Abyss:3)
  The ghost of Tommers the Ogre Mage, an adept OgFE of Gozag (Spider:1)
  2 sphinxes
  Gastronok (Lair:3)
  2 thorn hunters (Swamp:4)
  2 ancient champions (Vaults:2)
  Roxanne (Spider:3)
  A revenant (Vaults:2)
  Donald (Spider:3)
  A tengu reaver (D:13)
  A fenstrider witch (Swamp:1)
  3 vault wardens
  2 emperor scorpions (Spider:3)
  Aizul (Swamp:2)
  A ghost moth (Spider:2)
  3 orc warlords (Vaults:2)
  11 ironbound preservers
  2 cacodemons (Abyss:3)
  A war gargoyle (Vaults:2)
  3 broodmothers (Spider:1)
  A deep elf demonologist (Vaults:3)
  6 very ugly things
  8 ironbound thunderhulks
  The ghost of KineticRobot the Blocker, a journeyman MiFi of Yredelemnul (Spider:1)
  A stone giant (Vaults:2)
  A minotaur (Gauntlet)
  4 eleionomae
  6 dire elephants
  4 bunyips
  4 spark wasps
  A deep elf death mage (Vaults:1)
  An ettin (D:13)
  Snorg (Lair:4)
  2 yaktaur captains
  4 entropy weavers
  A fire dragon (Lair:5)
  5 great orbs of eyes
  A shambling mangrove (Swamp:2)
  18 hydras
  A peacekeeper (Vaults:2)
  3 vault guards (Vaults:1)
  Erolcha (D:11)
  2 ogre magi
  2 jorogumos
  17 centaur warriors
  2 catoblepae
  7 ironbound frosthearts
  9 boulder beetles
  An ice dragon (Lair:4)
  13 death yaks
  5 two-headed ogres
  Erica (Orc:1)
  6 radroaches
  8 alligators
  A death knight (D:14)
  6 tengu warriors
  4 orc high priests (Orc:2)
  2 thrashing horrors (Abyss:3)
  6 wretched stars (Abyss:3)
  4 skysharks
  A sun demon (Abyss:3)
  5 pharaoh ants
  2 sixfirhies (Abyss:3)
  6 sun moths
  4 goliath frogs
  4 spriggan druids
  An anaconda zombie (Abyss:3)
  3 skeletal warriors (D:15)
  19 deep trolls
  9 orb spiders
  7 swamp dragons
  A death drake (Swamp:4)
  2 phantasmal warriors
  Pikel (D:7)
  6 bog bodies
  12 ironbound convokers
  5 glowing orange brains
  5 steelbarb worms
  4 necromancers
  17 orc knights
  4 harpies (Vaults:1)
  3 wizards
  2 deep elf pyromancers
  41 ugly things
  10 lindwurms
  4 orc sorcerers
  2 shining eyes (Abyss:3)
  24 wolf spiders
  A will-o-the-wisp (Swamp:1)
  5 cyclopes
  6 moths of wrath
  A stone giant zombie (Vaults:1)
  4 manticores
  11 vault sentinels
  9 elephants
  Maurice (Orc:1)
  An apocalypse crab (Abyss:3)
  4 black mambas
  Joseph (D:9)
  An ice statue (IceCv)
  An orange demon (Abyss:3)
  2 centaur skeletons (D:15)
  11 cane toads
  A naga mage (D:15)
  9 torpor snails
  An eye of devastation (Abyss:3)
  4 smoke demons (Abyss:3)
  Maggie (D:9)
  4 demonic crawlers
  4 freezing wraiths
  9 komodo dragons
  20 yaktaurs
  3 anaconda simulacra (IceCv)
  6 rime drakes
  4 unseen horrors
  A human skeleton (Vaults:1)
  2 efreet (D:13)
  A kobold demonologist (D:14)
  2 tengu conjurers
  A harpy zombie (D:15)
  13 ice devils (IceCv)
  2 yaktaur skeletons (Vaults:1)
  A queen bee (Lair:1)
  5 trolls
  11 polar bears
  A tarantella (shapeshifter) (Vaults:3)
  2 hellwings (Abyss:3)
  2 meliai
  6 tyrant leeches
  3 hornets
  Grinder (D:3)
  16 blink frogs
  A wind drake (shapeshifter) (D:8)
  25 tarantellas
  2 dream sheep
  33 jumping spiders
  22 slime creatures
  4 shadows
  10 flying skulls
  3 vampires
  A dire elephant simulacrum (IceCv)
  4 spriggans
  17 small abominations (Abyss:3)
  18 culicivoras
  7 wraiths
  4 wyverns
  37 yaks
  2 basilisks
  3 golden eyes (Abyss:3)
  2 steam dragons
  11 vampire mosquitoes
  57 redbacks
  13 wargs
  Menkaure (D:5)
  20 large abominations (Abyss:3)
  6 swamp worms
  4 death yak simulacra (IceCv)
  2 acid dragons (Lair:5)
  10 water moccasins
  A hydra simulacrum (IceCv)
  15 hell hounds (Lair:5)
  A floating eye (shapeshifter) (D:13)
  34 orc warriors
  12 swamp drakes
  13 black bears
  A meliai simulacrum (D:15)
  A black bear (shapeshifter) (D:15)
  3 boggarts
  10 centaurs
  18 wolves
  8 ogres
  6 phantoms
  A kobold brigand (D:9)
  10 bullfrogs
  2 gnoll sergeants
  3 scorpions
  A glowing shapeshifter simulacrum (Vaults:1)
  2 two-headed ogre simulacra (IceCv)
  5 wights
  2 cane toad simulacra (IceCv)
  2 troll zombies (D:11)
  2 elephant simulacra (IceCv)
  4 howler monkeys
  30 killer bees
  4 electric eels
  A hound (D:5)
  2 gnoll boudas
  Crazy Yiuf (D:3)
  22 orc priests
  Ijyb (D:3)
  Jessica (D:3)
  2 iguanas
  19 orc wizards
  4 polar bear simulacra (IceCv)
  12 hell rats
  A spriggan simulacrum (IceCv)
  A boggart skeleton (D:15)
  4 wolf simulacra (IceCv)
  4 ogre zombies (D:11)
  Robin (D:3)
  5 adders
  22 gnolls
  A naga simulacrum (IceCv)
  2 shadow imps
  4 white imps
  3 ufetubi
  2 adder zombies (Ossuary)
  2 worms
  2 dart slugs
  55 orcs
  5 ball pythons
  3 endoplasms
  A giant cockroach (D:3)
  9 goblins
  6 hobgoblins
  10 kobolds
  5 quokkas
  5 bats
  2 frilled lizards (D:1)
  A goblin skeleton (D:11)
  2 goblin zombies (D:11)
  2 hobgoblin skeletons
  6 hobgoblin zombies
  3 kobold zombies (Ossuary)
  6 orc skeletons
  6 orc zombies (D:11)
  3 rats
  2 rat zombies (D:6)
  17 briar patches (Swamp:4)
  A butterfly (Lair:1)
  4 starspawn tentacles (Abyss:3)
1399 creatures vanquished.

Vanquished Creatures (collateral kills)
  An Executioner (Abyss:3)
  2 cacodemons (Abyss:3)
  2 hydras
  A jorogumo (Spider:4)
  A large abomination (Abyss:3)
  5 orb spiders
  2 orc knights (Orc:2)
  An anaconda simulacrum (IceCv)
  4 yaks (Lair:5)
  A death yak simulacrum (IceCv)
  An elephant simulacrum (IceCv)
  4 orc priests (Orc:2)
  2 polar bear simulacra (IceCv)
  3 orcs (Orc:2)
30 creatures vanquished.

Vanquished Creatures (others)
  An orc high priest (Orc:2)
  2 bloated husks (Swamp:1)
  A golden eye (Abyss:3)
  A large abomination (Abyss:3)
  A small abomination (Abyss:3)
  An orc wizard (Orc:2)
  3 demonic plants (Gauntlet)
  A fire vortex (D:14)
  32 foxfires (Swamp:1)
  11 fungi
  2 lurking horrors (Abyss:3)
  93 plants
  5 starspawn tentacles (Abyss:3)
154 creatures vanquished.

Grand Total: 1583 creatures vanquished

Notes
Turn   | Place    | Note
-------+----------+-------------------------------------------
     0 | D:1      | simples the Minotaur Berserker began the quest for the Orb.
     0 | D:1      | Reached XP level 1. HP: 19/19 MP: 0/0
   128 | D:1      | Found a faded altar of an unknown god.
   294 | D:1      | Reached XP level 2. HP: 27/27 MP: 1/1
  1174 | D:2      | Reached skill level 4 in Axes
  1174 | D:2      | Reached XP level 3. HP: 26/33 MP: 2/2
  1455 | D:2      | Reached XP level 4. HP: 41/41 MP: 3/3
  1920 | D:3      | Found Xyntuxiu's Jewellery Shop.
  1940 | D:3      | Noticed Robin
  1951 | D:3      | Killed Robin
  1952 | D:3      | Reached ** piety under Trog
  2085 | D:3      | Noticed Jessica
  2088 | D:3      | Killed Jessica
  2089 | D:3      | Reached XP level 5. HP: 47/47 MP: 4/4
  2345 | D:3      | Noticed Grinder
  2349 | D:3      | Killed Grinder
  2350 | D:3      | Reached skill level 5 in Fighting
  2350 | D:3      | Reached skill level 5 in Axes
  2350 | D:3      | Reached XP level 6. HP: 56/56 MP: 5/5
  2471 | D:3      | Noticed Ijyb
  2480 | D:3      | Killed Ijyb
  2553 | D:3      | Found a runed translucent door.
  2554 | D:3      | Noticed Crazy Yiuf
  2598 | D:3      | Found a stormy altar of Qazlal.
  2651 | D:3      | Killed Crazy Yiuf
  2839 | D:4      | Reached skill level 5 in Armour
  2839 | D:4      | Reached XP level 7. HP: 49/62 MP: 6/6
  3084 | D:4      | Reached skill level 6 in Axes
  3150 | D:4      | Found a hazy altar of Hepliaklqana.
  3214 | D:4      | Reached skill level 5 in Dodging
  3384 | D:5      | Entered Level 5 of the Dungeon
  3574 | D:5      | You fall into a shaft and drop 2 floors!
  3610 | D:6      | Reached XP level 8. HP: 69/71 MP: 7/7
  3611 | D:6      | Identified a scroll of acquirement
  3612 | D:6      | Acquired the +3 pair of boots of Vlad {+Inv rN+}
  3790 | D:6      | Found a sand-covered staircase.
  3791 | D:6      | Reached *** piety under Trog
  3801 | Ossuary  | Entered an ossuary
  3962 | Ossuary  | Noticed a flying skull
  3969 | Ossuary  | Noticed a flying skull
  3973 | Ossuary  | Noticed a flying skull
  4010 | Ossuary  | Reached skill level 7 in Axes
  4140 | Ossuary  | Noticed a flying skull
  4888 | D:7      | Reached XP level 9. HP: 78/81 MP: 8/8
  4974 | D:7      | Found a bloodstained altar of Trog.
  4980 | D:7      | Noticed Pikel
  4989 | D:7      | Killed Pikel
  4990 | D:7      | Reached skill level 8 in Axes
  5266 | D:7      | Found a white marble altar of Elyvilon.
  6003 | D:5      | Found a staircase to the Ecumenical Temple.
  6105 | D:5      | Noticed Menkaure
  6112 | D:5      | Killed Menkaure
  6521 | D:8      | Reached skill level 9 in Axes
  6531 | D:8      | Killed an unseen horror
  6623 | D:8      | Noticed a troll
  6623 | D:8      | Noticed a harpy
  6624 | D:8      | a harpy changed into a wind drake
  6624 | D:8      | Noticed a wind drake (shapeshifter)
  6630 | D:8      | Killed a wind drake
  6636 | D:8      | Killed a troll
  6637 | D:8      | Reached XP level 10. HP: 91/91 MP: 9/9
  6889 | D:8      | Found a snail-covered altar of Cheibriados.
  7042 | D:8      | Reached **** piety under Trog
  7072 | D:8      | Noticed a two-headed ogre
  7078 | D:8      | Killed a two-headed ogre
  7079 | D:8      | Reached skill level 10 in Fighting
  7163 | D:8      | Reached skill level 10 in Axes
  7330 | D:9      | Identified the staff of poison "Ucereix" {rPois rN+ Dex+2
                  | Stlth+}
  7467 | D:9      | Noticed a two-headed ogre
  7481 | D:9      | Killed a two-headed ogre
  7482 | D:9      | Reached skill level 10 in Armour
  7853 | D:9      | Noticed Joseph
  7861 | D:9      | Killed Joseph
  8201 | D:9      | Noticed Maggie
  8209 | D:9      | Killed Maggie
  8572 | D:10     | Entered Level 10 of the Dungeon
  8576 | D:10     | Found a staircase to the Lair.
  8587 | D:10     | Reached XP level 11. HP: 101/101 MP: 10/10
  8854 | D:10     | Found a hide-covered altar of Uskayaw.
  8937 | D:10     | Reached skill level 11 in Axes
  9598 | D:10     | Reached skill level 10 in Dodging
 10168 | D:11     | Noticed a brown ugly thing
 10177 | D:11     | Killed a brown ugly thing
 10249 | D:11     | Reached ***** piety under Trog
 10267 | D:11     | Reached skill level 12 in Axes
 10325 | D:11     | Found a staircase to the Orcish Mines.
 10374 | D:11     | Noticed Erolcha
 10385 | D:11     | Killed Erolcha
 10763 | D:12     | Noticed a deep elf pyromancer
 10769 | D:12     | Killed a deep elf pyromancer
 11464 | D:12     | Reached skill level 13 in Axes
 11464 | D:12     | Reached XP level 12. HP: 103/112 MP: 3/11
 11772 | D:12     | Found a runed translucent gate.
 11772 | D:12     | Found a runed translucent gate.
 11772 | D:12     | Found a runed translucent gate.
 11788 | D:12     | Noticed Amon001's ghost (journeyman GnWn)
 12255 | Lair:1   | Entered Level 1 of the Lair of Beasts
 12571 | Lair:1   | Reached skill level 14 in Axes
 13963 | Lair:2   | Noticed an eight-headed hydra
 13977 | Lair:2   | Killed an eight-headed hydra
 14214 | Lair:2   | Acquired the +18 Lear's hauberk
 14214 | Lair:2   | Found the +18 Lear's hauberk
 14344 | Lair:2   | Found a hole to the Spider Nest.
 14353 | Lair:2   | Noticed a death yak
 14353 | Lair:2   | Noticed a death yak
 14361 | Lair:2   | Killed a death yak
 14362 | Lair:2   | Reached skill level 15 in Axes
 14363 | Lair:2   | Received a gift from Trog
 14364 | Lair:2   | Reached XP level 13. HP: 122/122 MP: 4/12
 14430 | Lair:2   | Identified the +0 scale mail "Iptih" {Harm Fly rElec
                  | Slay+5}
 15028 | Lair:3   | Noticed Gastronok
 15043 | Lair:3   | Killed Gastronok
 15431 | Lair:3   | Reached skill level 16 in Axes
 15553 | Lair:3   | Found a staircase to the Swamp.
 16026 | Lair:4   | Found a frozen archway.
 16061 | IceCv    | Entered an ice cave
 16731 | IceCv    | Found an ancient bone altar of Kikubaaqudgha.
 16760 | IceCv    | Reached skill level 17 in Axes
 16764 | IceCv    | Reached XP level 14. HP: 41/133 MP: 4/13
 17790 | Lair:4   | Noticed Snorg
 17799 | Lair:4   | Killed Snorg
 17823 | Lair:4   | Found a staircase to the Slime Pits.
 17824 | Lair:4   | Found a viscous altar of Jiyva.
 18318 | Lair:5   | Entered Level 5 of the Lair of Beasts
 18342 | Lair:5   | Received a gift from Trog
 18418 | Lair:5   | Reached skill level 15 in Fighting
 18418 | Lair:5   | Reached skill level 18 in Axes
 18450 | Lair:5   | Found a gate leading to a gauntlet.
 18459 | Gauntlet | Entered a Gauntlet
 18459 | Gauntlet | Found a transporter.
 18462 | Gauntlet | Found a transporter.
 18592 | Gauntlet | Found a transporter.
 18593 | Gauntlet | Found a transporter.
 18596 | Gauntlet | Found a transporter.
 18598 | Gauntlet | Found a large runed translucent door.
 18598 | Gauntlet | Found a large runed translucent door.
 18599 | Gauntlet | Found a large runed translucent door.
 18599 | Gauntlet | Found a large runed translucent door.
 18600 | Gauntlet | Found a large runed translucent door.
 18600 | Gauntlet | Found a large runed translucent door.
 18600 | Gauntlet | Found a runed translucent door.
 18600 | Gauntlet | Found a runed translucent door.
 18601 | Gauntlet | Found a large runed translucent door.
 18601 | Gauntlet | Found a large runed translucent door.
 18602 | Gauntlet | Found a large runed translucent door.
 18602 | Gauntlet | Found a large runed translucent door.
 18603 | Gauntlet | Found a large runed translucent door.
 18604 | Gauntlet | Found a large runed translucent door.
 18606 | Gauntlet | Found a large runed translucent door.
 18606 | Gauntlet | Found a large runed translucent door.
 18607 | Gauntlet | Found a transporter.
 18608 | Gauntlet | Found a runed translucent gate.
 18608 | Gauntlet | Found a runed translucent gate.
 18610 | Gauntlet | Found a transporter.
 18611 | Gauntlet | Found a transporter.
 18617 | Gauntlet | Found a runed translucent gate.
 18630 | Gauntlet | Found a transporter.
 18635 | Gauntlet | Found a transporter.
 18639 | Gauntlet | Found a transporter.
 18640 | Gauntlet | Noticed a balrug
 18648 | Gauntlet | Found a transporter.
 18681 | Gauntlet | Found the +2 pair of slick slippers {slick, slippery, EV+4}
 18728 | Gauntlet | Found a large runed translucent door.
 18745 | Gauntlet | Found a large runed translucent door.
 18830 | Gauntlet | Identified the ring "Qilugruch" {Wiz rElec}
 18953 | Gauntlet | Reached skill level 19 in Axes
 18953 | Gauntlet | Reached XP level 15. HP: 143/143 MP: 14/14
 18954 | Gauntlet | Reached skill level 20 in Axes
 18954 | Gauntlet | Reached XP level 16. HP: 150/150 MP: 15/15
 18994 | Gauntlet | Identified the ring of the Garden {rF+ rN+}
 19010 | Gauntlet | Identified the +7 rapier "Nelaifuu" {heavy, Fly rPois rF-}
 19310 | Lair:5   | Reached skill level 21 in Axes
 19855 | Lair:5   | Received a gift from Trog
 20490 | Lair:5   | Identified the +8 long sword of Sudden Death {flame, Dex+5}
 21054 | Orc:1    | Entered Level 1 of the Orcish Mines
 21116 | Orc:1    | Noticed Maurice
 21127 | Orc:1    | Killed Maurice
 21158 | Orc:1    | Noticed Erica
 21158 | Orc:1    | Noticed Jorgrun
 21175 | Orc:1    | Killed Jorgrun
 21175 | Orc:1    | Killed Erica
 21176 | Orc:1    | Reached skill level 22 in Axes
 21184 | Orc:1    | Reached XP level 17. HP: 134/157 MP: 16/16
 21615 | Orc:2    | Entered Level 2 of the Orcish Mines
 21728 | Orc:1    | Gained mutation: You are weak. (Str -2) [a neqoxec]
 21729 | Orc:1    | Gained mutation: You have hidden genetic defects. [a
                  | neqoxec]
 21985 | Orc:2    | Found a staircase to the Elven Halls.
 21989 | Orc:2    | Paralysed by an orc sorcerer for 4 turns
 22011 | Orc:2    | Identified the +6 battleaxe of Osomexel {flame, Str+3}
                  | (Trog gifted it to you on level 2 of the Orcish Mines)
 22011 | Orc:2    | Received a gift from Trog
 22207 | Orc:2    | Found Fyplaogi's Distillery.
 22213 | Orc:2    | Bought a potion of curing for 45 gold pieces
 22213 | Orc:2    | Bought a potion of haste for 150 gold pieces
 22213 | Orc:2    | Bought a potion of curing for 45 gold pieces
 22215 | Orc:2    | Bought 2 potions of mutation for 240 gold pieces
 22215 | Orc:2    | Bought a potion of mutation for 120 gold pieces
 22217 | Orc:2    | Lost mutation: You are weak. (Str -2) [potion of mutation]
 22217 | Orc:2    | Lost mutation: You have hidden genetic defects. [potion of
                  | mutation]
 22217 | Orc:2    | Gained mutation: Armour fits poorly on your strangely
                  | shaped body. [potion of mutation]
 22217 | Orc:2    | Gained mutation: You are agile. (Dex +4, Str/Int -1)
                  | [potion of mutation]
 22217 | Orc:2    | Gained mutation: Your flesh is cold resistant. (rC+)
                  | [potion of mutation]
 22322 | Orc:2    | Reached skill level 23 in Axes
 22570 | Orc:2    | Found Rexzodoh's Jewellery Shop.
 22571 | Orc:2    | Found Enideur's Weapon Shop.
 22571 | Orc:2    | Found Mirron's Assorted Antiques.
 22572 | Orc:2    | Found Sireawn's Armour Shop.
 22675 | Orc:2    | Found Ruduynof's Magic Scroll Shoppe.
 22699 | Orc:2    | Bought a scroll of fear for 64 gold pieces
 22699 | Orc:2    | Bought a scroll of magic mapping for 120 gold pieces
 22699 | Orc:2    | Bought a scroll of blinking for 120 gold pieces
 22699 | Orc:2    | Bought a scroll of teleportation for 48 gold pieces
 22699 | Orc:2    | Bought a scroll of teleportation for 48 gold pieces
 22699 | Orc:2    | Bought a scroll of identify for 32 gold pieces
 22699 | Orc:2    | Bought a scroll of identify for 32 gold pieces
 22699 | Orc:2    | Bought a scroll of identify for 32 gold pieces
 22699 | Orc:2    | Bought a scroll of identify for 32 gold pieces
 22705 | Orc:2    | Bought 3 scrolls of identify for 96 gold pieces
 23134 | D:13     | Found a gate to the Vaults.
 24001 | D:13     | Acquired the +8 frozen axe "Frostbite" {freeze, freezing
                  | cloud, *Noise Fly rC+}
 24001 | D:13     | Found the +8 frozen axe "Frostbite" {freeze, freezing
                  | cloud, *Noise Fly rC+}
 24023 | D:13     | Found a runed translucent door.
 24033 | D:13     | Reached skill level 24 in Axes
 25460 | D:15     | Entered Level 15 of the Dungeon
 25466 | D:15     | Reached skill level 25 in Axes
 26130 | D:15     | Paralysed by an orc sorcerer for 5 turns
 26201 | D:15     | Found a staircase to the Depths.
 26382 | D:15     | Found an iron altar of Okawaru.
 26393 | D:15     | Reached skill level 26 in Axes
 26440 | D:15     | Received a gift from Trog
 26733 | Spider:1 | Entered Level 1 of the Spider Nest
 26775 | Spider:1 | Reached XP level 18. HP: 136/166 MP: 17/17
 27441 | Spider:1 | Found a runed translucent gate.
 27443 | Spider:1 | Found a runed translucent gate.
 27443 | Spider:1 | Found a runed translucent gate.
 27445 | Spider:1 | Noticed Tommers's ghost (adept OgFE)
 27445 | Spider:1 | Noticed KineticRobot's ghost (journeyman MiFi)
 27445 | Spider:1 | Found the amulet of Vitality {RegenMP++ Regen++}
 27455 | Spider:1 | Killed Tommers's ghost
 27456 | Spider:1 | Killed KineticRobot's ghost
 27467 | Spider:1 | Identified the amulet of the Invisible Hand {Reflect Str+5
                  | Slay-3 SH+5}
 27864 | Spider:1 | Reached skill level 27 in Axes
 27864 | Spider:1 | Received a gift from Trog
 28256 | Spider:2 | Reached ****** piety under Trog
 28296 | Spider:2 | Reached skill level 15 in Armour
 28972 | Spider:2 | Identified the +2 robe of Shielding {rPois Will++ rCorr
                  | Str-3}
 29594 | Spider:3 | Noticed Roxanne
 29605 | Spider:3 | Killed Roxanne
 29904 | Spider:3 | Received a gift from Trog
 30229 | Spider:4 | Entered Level 4 of the Spider Nest
 30841 | Spider:4 | Noticed Donald
 30857 | Spider:3 | Killed Donald
 31022 | Spider:4 | Reached skill level 15 in Dodging
 31253 | Spider:4 | Noticed Mara
 31257 | Spider:3 | Reached XP level 19. HP: 97/177 MP: 18/18
 31669 | Spider:4 | Noticed simples's illusion
 31680 | Spider:4 | Killed Mara
 31759 | Spider:4 | Identified the +0 hat "Coafats" {rElec MP+9 Int+4 Dex+3}
 31775 | Spider:4 | Got a gossamer rune of Zot
 32147 | Swamp:1  | Entered Level 1 of the Swamp
 32348 | Swamp:1  | Found a stormy altar of Qazlal.
 32365 | Swamp:1  | Paralysed by a fenstrider witch for 2 turns
 33258 | Swamp:1  | HP: 8/179 [will-o-the-wisp/foxfire (30)]
 33812 | Swamp:2  | Noticed Aizul
 33821 | Swamp:2  | Killed Aizul
 34164 | Swamp:4  | Entered Level 4 of the Swamp
 34813 | Swamp:4  | Got a decaying rune of Zot
 34975 | Swamp:4  | Received a gift from Trog
 35260 | Vaults:1 | Entered Level 1 of the Vaults
 35826 | Vaults:1 | Reached XP level 20. HP: 180/191 MP: 19/19
 35954 | Vaults:1 | Identified the +1 rapier "Cuiwan" {freeze, rElec rPois rF+
                  | rCorr}
 36009 | Vaults:1 | Received a gift from Trog
 37040 | Vaults:1 | Found a transporter.
 37050 | Vaults:1 | Noticed LLlMATKO's ghost (adept MiBe)
 37052 | Vaults:1 | Found a bloodstained altar of Trog.
 37062 | Vaults:1 | Found a transporter.
 37531 | Vaults:2 | Identified the +7 trident of the Jester {heavy, rPois Will+
                  | Dex+5}
 37567 | Vaults:2 | Received a gift from Trog
 37822 | Vaults:2 | Noticed Asterion
 37830 | Vaults:2 | Killed Asterion
 38779 | Vaults:2 | Identified the +1 lajatang of the Caustic God {flame, rPois
                  | rN+ Int-2}
 39156 | Vaults:2 | Found a staircase to the Crypt.
 39402 | Vaults:2 | Noticed Nikola
 39408 | Vaults:2 | Killed Nikola
 39558 | Vaults:2 | Received a gift from Trog
 40267 | Vaults:3 | Found Tetos's Jewellery Shoppe.
 40364 | Abyss:2  | Cast into level 2 of the Abyss (a wizard)
 40443 | Abyss:3  | Gained mutation: You occasionally lose the ability to drink
                  | potions when taking damage. [a cacodemon]
 40450 | Abyss:3  | Reached XP level 21. HP: 148/203 MP: 20/20
 40452 | Abyss:3  | Gained mutation: You sometimes lose your temper in combat.
                  | [a cacodemon]
 40531 | Abyss:3  | Lost intelligence.
 40565 | Abyss:3  | Gained mutation: [Your magical capacity is low. (-10% MP)]
                  | [a shining eye]
 40655 | Abyss:3  | Got an abyssal rune of Zot
 40786 | Abyss:3  | Gained mutation: Your spells are easier to cast, but less
                  | powerful. [a cacodemon]
 40806 | Abyss:3  | Lost intelligence.
 40807 | Abyss:3  | HP: 1/205 [smoke demon/divine providence (16)]
 40808 | Abyss:3  | Demolished by a large abomination

Illustrated notes

Levels and vault maps discovered:
D:1:      nicolae_arrival_memento_mori, layout_basic,
          ebering_ecumenical_altar_webs
D:2:      kennysheep_big_flooded_room, layout_basic,
          chequers_serial_rivers_micro_d, st_stairs_14, reono_crystal_passage
D:3:      layout_loops_ring, nicolae_qazlal_eye_of_the_storm, serial_shops,
          shop, uniq_jessica, uniq_grinder, uniq_robin, uniq_ijyb,
          uniq_crazy_yiuf_cottage
D:4:      layout_basic, kennysheep_mini_moat, serial_forest,
          infiniplex_forest_straight_1, infiniplex_forest_straight_4,
          infiniplex_forest_clump_small, infiniplex_forest_clump_curved,
          infiniplex_forest_diagonal, st_stairs_1, minmay_manual_mares
D:5:      layout_loops_corners, minmay_temple_entry_wispy, st_stairs_13,
          uniq_menkaure
D:6:      layout_loops_cross, enter_ossuary_4, minmay_misc_feat_more_columns
D:7:      layout_loops_ring, kennysheep_mini, nicolae_overflow_crystal_walls,
          uniq_pikel
D:8:      minmay_bloctagon_deflated, layout_basic, mainiacjoe_overflow_chevrons
D:9:      layout_irregular_city, uniq_maggie, uniq_joseph
D:10:     layout_loops_corners, nicolae_uskayaw_suspiria,
          erik_lair_orcish_takeover, chequers_serial_rivers_micro_a,
          kennysheep_generic_room_14
D:11:     layout_loops_ring, zombieorc1_lemuel, uniq_erolcha
D:12:     layout_basic, ebering_ghost_rock_garden, nicolae_nh_vlads_tower,
          uniq_fannar
D:13:     layout_roguey, skrybe_vaults_entry_preservation, minivault_13
D:14:     layout_stronghold, kennysheep_big_empty_room, st_stairs_2
D:15:     grunt_enter_depths_magical_seal, layout_loops_cross,
          okawaru_metal_pillars_1_2
Lair:1:   layout_roguey, special_room [special_room_bee], beast_lair_carwin_2,
          lemuel_fruit_fields, infiniplex_staircase_pool, grunt_megastairs_1,
          serial_bayou_shore_b
Lair:2:   layout_cave_pods, spider_nest_entry_webs
Lair:3:   layout_hall_layers, nicolae_swamp_entry_splash_gauntlet,
          uniq_gastronok
Lair:4:   layout_small_grid, slime_entry_1,
          portal_ice_cave_entry_animals_and_master, uniq_snorg
Lair:5:   hangedman_lair_caniforms_friends, layout_long_grid,
          guppyfry_lair_end_dragon, gauntlet_entry_generic, wad_woods_river_01
Swamp:1:  layout_basic_swamp, nicolae_swamp_godswood, swamp_pool5,
          hangedman_swamp_cone
Swamp:2:  layout_basic_swamp, nicolae_swamp_bean_lake, swamp_pool1,
          beargit_elvish_explorers, uniq_aizul, uniq_louise
Swamp:3:  layout_basic_swamp, nicolae_swamp_some_circles, swamp_pool1
Swamp:4:  swamp_alternative, layout_basic_swamp
Spider:1: nicolae_spider_broodchamber, gammafunk_ghost_cemetery
Spider:2: layout_spider_delve, hellmonk_motheaten_closet,
          hangedman_spider_tarantella_strand
Spider:3: layout_spider_delve, uniq_roxanne
Spider:4: grunt_spider_rune_island, uniq_mara, uniq_donald
Orc:1:    layout_diamond_mine, basic_altar, nicolae_orc_rich_vein, uniq_maurice,
          uniq_erica, uniq_jorgrun
Orc:2:    st_orc_pillars, layout_diamond_mine, serial_shops, shop, shop
Vaults:1: gammafunk_ghost_wrathful_warriors, v_misc_30,
          vaults_mumra_minichess_inversion, grunt_vaults_bifocal,
          nicolae_vaults_closet_pinwheel_5, st_squares,
          nicolae_vaults_specimen_jars, nicolae_vaults_weapon_check,
          hangedman_vaults_nodes, nicolae_vaults_wine_cellar,
          vaults_room_fancy_cross, v_misc_8, nicolae_vaults_oval_intersection,
          nicolae_vaults_gold_heap, layout_vaults_omnibox
Vaults:2: nicolae_vaults_c_with_doors, v_misc_26, v_misc_11,
          nicolae_vaults_trapezoid_3, nicolae_vaults_triangles,
          minmay_crypt_entry_simple_walls, grunt_vaults_swirl,
          ontoclasm_vaults_pinch, vaults_room_stairs_pillars,
          nicolae_vaults_closet_pinwheel_1, nicolae_vaults_closet_pinwheel_3,
          nicolae_vaults_trapezoid_lopsided_2,
          nicolae_vaults_diagonal_hallway_7, nicolae_vaults_house_3,
          layout_vaults_ring, uniq_nikola, uniq_asterion
Vaults:3: v_misc_14, v_misc_30, nicolae_vaults_circle_grid_a,
          nicolae_vaults_little_guard_posts,
          nicolae_vaults_trapezoid_lopsided_1, nicolae_vaults_little_ls,
          vaults_room_fours, layout_vaults_quadrants, serial_shops, shop,
          nicolae_shop_rolling_square,
          nicolae_shop_temple_entry_statues_fountains, shop
Abyss:3:  base: D:12, base: Vaults:1, minivault_26,
          hangedman_abyss_or_decor_jellyfish_corner,
          guppyfry_abyss_exit_imp_island, patterned_corridor,
          hangedman_abyss_rune_macabre_mess, hangedman_abyss_rune_macabre_mess,
          minivault_11

Skill      XL: |  1  2  3  4  5  6  7  8  9 10 11 12 13 14 15 16 17 18 19 20 21 |
---------------+----------------------------------------------------------------+-----
Fighting       | 4 5 6 7 9 10 12 13 14 15 17 19 20 21 | 21.5
Axes           | 4 5 6 7 9 10 13 15 17 19 20 22 26 27 | 27.0
Armour         | 3 4 5 6 7 9 10 11 12 14 16 18 20 | 20.8
Dodging        | 3 4 5 6 8 9 10 11 13 15 17 18 19 | 19.2

Action                     |  1- 3 |  4- 6 |  7- 9 | 10-12 | 13-15 | 16-18 | 19-21 || total
---------------------------+-------+-------+-------+-------+-------+-------+-------++-------
  Melee: Hand axe          |    49 |    54 |   181 |   102 |       |       |       ||   386
         Headbutt          |    10 |    11 |    27 |    94 |   110 |   202 |   215 ||   669
         Punch             |       |       |     1 |     4 |     7 |       |       ||    12
         War axe           |       |       |       |   327 |   323 |       |       ||   650
         Battleaxe         |       |       |       |    42 |       |       |       ||    42
         Executioner's axe |       |       |       |       |    31 |   944 |   822 ||  1797
         Whip              |       |       |       |       |    13 |       |       ||    13
 Invoke: Berserk           |     1 |     5 |     2 |     9 |     6 |     3 |     3 ||    29
         Trog's Hand       |       |       |       |     5 |     5 |     9 |     5 ||    24
         Brothers in Arms  |       |       |       |     2 |     5 |     7 |     4 ||    18
  Evoke: Wand              |       |       |       |       |     1 |     1 |       ||     2
    Use: Scroll            |       |     1 |     6 |     7 |     6 |     8 |     9 ||    37
         Potion            |       |       |       |       |     5 |     3 |    20 ||    28
   Stab: Distracted        |       |       |       |       |       |       |     2 ||     2
 Armour: Animal skin       |     8 |       |       |       |       |       |       ||     8
         Ring mail         |     4 |    16 |    70 |    19 |       |       |       ||   109
         Chain mail        |       |       |       |    26 |   242 |   548 |   358 ||  1174
         Plate armour      |       |       |       |   205 |       |       |       ||   205
  Dodge: Dodged            |    27 |    29 |    98 |   244 |   264 |   715 |   740 ||  2117
         Repelled          |       |       |       |     2 |     3 |    12 |    26 ||    43
  Block: Other             |       |       |       |       |       |     1 |   153 ||   154
         Reflection        |       |       |       |       |       |       |    16 ||    16
